 Dungeon Crawl Stone Soup version 0.29.1-13-g9f3cf754e1 (webtiles) character file.

Game seed: 5986715746597913297

399 Saba the Shooter (level 6, -1/39 HPs)
             Began as a Gargoyle Hunter on Feb 8, 2023.
             Was an Initiate of Okawaru.
             Slain by Edmund
             ... wielding a +0 dire flail of protection
              (3 damage)
             ... on level 4 of the Dungeon.
             The game lasted 00:06:09 (3325 turns).

Saba the Shooter (Gargoyle Hunter)                  Turns: 3325, Time: 00:06:10

Health: -1/39      AC: 14    Str: 14    XL:     6   Next: 84%
Magic:  6/6        EV:  9    Int: 10    God:    Okawaru [......]
Gold:   215        SH:  0    Dex: 15    Spells: 5/5 levels left

rFire   . . .      SeeInvis +   a - +0 shortbow
rCold   . . .      Faith    .   (shield currently unavailable)
rNeg    + . .      Spirit   .   A - +1 scale mail
rPois   ∞          Reflect  .   r - +0 helmet
rElec   +          Harm     .   k - +0 cloak
rCorr   .          Rampage  .   (no gloves)
Will    .....                   (no boots)
Stlth   ..........              (no amulet)
HPRegen 0.13/turn               q - ring of see invisible
MPRegen 0.10/turn               z - +4 ring of slaying

@: on berserk cooldown, slowed, very slow
A: sickness immunity, AC +4, negative energy resistance 1, electricity
resistance, torment resistance 1, petrification resistance, hooves 1, shaggy fur
1
a: Renounce Religion


You were on level 4 of the Dungeon.
You worshipped Okawaru.
Okawaru was noncommittal.
You visited 2 branches of the dungeon, and saw 5 of its levels.
You also visited: Sewer.

You collected 215 gold pieces.

Inventory:

Hand Weapons
 a - a +0 shortbow (weapon)
Armour
 c - a +0 leather armour
 k - a +0 cloak (worn)
 r - a +0 helmet (worn)
 A - a +1 scale mail (worn)
Jewellery
 q - a ring of see invisible (left hand)
 z - a +4 ring of slaying (right hand)
Wands
 m - a wand of polymorph (5)
Scrolls
 b - a scroll of immolation
 j - a scroll of amnesia {unknown}
 l - a scroll of teleportation {unknown}
 n - a scroll of butterflies {unknown}
 o - a scroll of vulnerability {unknown}
 t - 2 scrolls of identify
 u - a scroll of brand weapon {unknown}
 w - a scroll of blinking {unknown}
 x - 2 scrolls of enchant weapon
 y - a scroll of magic mapping {unknown}
Potions
 f - a potion of flight
 g - a potion of magic
 i - 3 potions of mutation
 p - 3 potions of curing


   Skills:
 + Level 4.7 Fighting
 * Level 6.9 Ranged Weapons
 - Level 1.5 Dodging
 - Level 1.1 Stealth


You had 5 spell levels left.
You didn't know any spells.
Your spell library contained the following spells:

 Spells                   Type           Power      Damage    Failure   Level
 Ensorcelled Hibernation  Hex/Ice        0%         N/A       95%         2
 Passwall                 Tmut/Erth      0%         N/A       95%         2
 Swiftness                Air            0%         N/A       99%         3
 Leda's Liquefaction      Hex/Erth       0%         N/A       100%        4
 Petrify                  Tmut/Erth      0%         N/A       100%        4
 Irradiate                Conj/Tmut      0%         3d11      100%        5
 Lee's Rapid Deconstruct  Erth           0%         3d5*      100%        5
 Sublimation of Blood     Necr           Unusable   N/A       N/A         2
 Statue Form              Tmut/Erth      Unusable   N/A       N/A         6

Dungeon Overview and Level Annotations

Branches:
Dungeon (4/15)             Temple (1/1) D:4           Sewer (visited)

Altars:
Ashenzari
Cheibriados
Dithmenos
Elyvilon
Fedhas
Gozag
Hepliaklqana
Kikubaaqudgha
Makhleb
Nemelex Xobeh
Okawaru
Qazlal
Ru
Sif Muna
Trog
Uskayaw
Vehumet
Xom
Yredelemnul
Zin
The Shining One

Annotations:
D:4 Edmund


Innate Abilities, Weirdness & Mutations

You are immune to sickness and miasma.
Your stone body is resilient. (AC +4)
You are immune to poison.
You resist negative energy. (rN+)
You are resistant to electric shocks. (rElec)
You are resistant to unholy torment.
You are immune to petrification.
You have large cloven feet.
You are covered in fur. (AC +1)


Message History

You kill the river rat!
The river rat's corpse disappears in a puff of smoke!
You kill the river rat!
The river rat's corpse disappears in a puff of smoke!
Edmund hits you with a +0 dire flail of protection!
* * * LOW HITPOINT WARNING * * *
Eustachio is engulfed in poison gas.
Eustachio is poisoned.
Edmund hits you with a +0 dire flail of protection.
* * * LOW HITPOINT WARNING * * *
Eustachio is engulfed in poison gas.
Eustachio looks even sicker.
Eustachio casts a spell.
You feel better.
Edmund hits you with a +0 dire flail of protection.
* * * LOW HITPOINT WARNING * * *
Eustachio looks even sicker.
Edmund hits you with a +0 dire flail of protection.
* * * LOW HITPOINT WARNING * * *
Eustachio is engulfed in poison gas.
Eustachio looks as sick as possible!
Eustachio gestures wildly while chanting.
As you read the scroll labelled GYXKIV BIZAXT, it crumbles to dust.
It is a scroll of identify.
x - 2 scrolls of enchant weapon Eustachio looks as sick as possible!
Edmund hits you but does no damage.
The rat is engulfed in poison gas.
The rat is poisoned.
The rat is engulfed in poison gas.
The rat is poisoned.
You kill the rat!
The rat's corpse disappears in a puff of smoke!
As you read the scroll labelled RELUTU PEAPN, it crumbles to dust.
It is a scroll of enchant armour.
Your +0 scale mail glows green for a moment.
The iron imp shouts, "Escape, thou cockered tickle-brained bum-bailey!"
You kill Eustachio!
Okawaru accepts your kill.
The rat disappears in a puff of smoke!
The river rat disappears in a puff of smoke!
The crimson imp disappears in a puff of smoke!
The iron imp disappears in a puff of smoke!
The rat disappears in a puff of smoke!
Edmund hits you with a +0 dire flail of protection.
You die...

############## #.@@g§§..§...#
#§##########.# #§ #.# #### #§
#.# #... ○§ ##.###.## §☼
#.§§...## ☼°° ########..@..5.@
...........§§§.................
......>........##...............


You could see Edmund and a goblin.

Vanquished Creatures
  Eustachio (D:4)
  A water moccasin (Sewer)
  An orc priest (D:3)
  Jessica (D:2)
  4 orc wizards (D:3)
  2 scorpion simulacra (D:4)
  2 adders
  7 orcs (D:3)
  5 ball pythons
  12 endoplasms
  4 giant cockroaches (D:3)
  9 goblins
  7 hobgoblins
  5 jackals
  2 quokkas
  5 bats
  7 frilled lizards
  5 kobolds
  7 rats
87 creatures vanquished.

Notes
Turn   | Place    | Note
-------+----------+-------------------------------------------
     0 | D:1      | Saba the Gargoyle Hunter began the quest for the Orb.
     0 | D:1      | Reached XP level 1. HP: 12/12 MP: 1/1
    77 | D:1      | Reached XP level 2. HP: 18/18 MP: 2/2
   597 | D:1      | Reached XP level 3. HP: 22/22 MP: 3/3
   870 | D:2      | Noticed Jessica
   875 | D:2      | Killed Jessica
   876 | D:2      | Reached skill level 5 in Ranged Weapons
  1130 | D:2      | Reached XP level 4. HP: 28/28 MP: 4/4
  1785 | D:3      | Found an ancient bone altar of Kikubaaqudgha.
  1801 | D:3      | Reached XP level 5. HP: 26/33 MP: 5/5
  2014 | D:3      | Found a glowing drain.
  2018 | Sewer    | Entered a sewer
  2065 | Sewer    | Noticed a water moccasin
  2074 | Sewer    | Killed a water moccasin
  2075 | Sewer    | Reached skill level 6 in Ranged Weapons
  2075 | Sewer    | Reached XP level 6. HP: 27/38 MP: 6/6
  2744 | D:3      | Found a hide-covered altar of Uskayaw.
  2875 | D:4      | Found a runed translucent gate.
  2875 | D:4      | Found a runed translucent gate.
  2875 | D:4      | Found a runed translucent gate.
  2920 | D:4      | Found a staircase to the Ecumenical Temple.
  2967 | D:4      | Noticed Eustachio
  2971 | Temple   | Entered the Ecumenical Temple
  2976 | Temple   | Became a worshipper of Warmaster Okawaru
  3286 | D:4      | Noticed Edmund
  3308 | D:4      | Gained mutation: You have large cloven feet. [potion of
                  | mutation]
  3308 | D:4      | Gained mutation: You are covered in fur. (AC +1) [potion of
                  | mutation]
  3325 | D:4      | Killed Eustachio
  3325 | D:4      | Slain by Edmund

Illustrated notes

Levels and vault maps discovered:
D:1:      spicycebolla_arrival_clurvy, layout_loops_ring, nrook_mini_vaults,
          kennysheep_minor_cross, minmay_tall_x
D:2:      minmay_chambers_of_ones, layout_basic, uniq_jessica
D:3:      cheibrodos_pilgrimage, layout_rooms, mainiacjoe_overflow_two_lobes,
          gup_sewer_entry_bowl, kennysheep_generic_room_4
D:4:      layout_basic, minmay_temple_entry_grid, serial_shops, shop,
          gammafunk_ghost_icy, kennysheep_orc_chapel, uniq_edmund,
          uniq_eustachio
Temple:   compressed_dpeg_triangle_lava_temple

Skill      XL: |  1  2  3  4  5 |
---------------+----------------+-----
Fighting       | 3 4 |  4.7
Ranged Weapons | 5 6 |  6.9
Dodging        | |  1.5
Stealth        | |  1.1

Action                   |  1- 3 |  4- 6 || total
-------------------------+-------+-------++-------
 Fire: Shortbow          |    75 |   179 ||   254
Evoke: Wand              |       |     2 ||     2
  Use: Potion            |       |     7 ||     7
       Scroll            |       |     3 ||     3
Armor: Leather armour    |     8 |    26 ||    34
       Scale mail        |       |    22 ||    22
Dodge: Dodged            |    16 |    59 ||    75
